 Dungeon Crawl Stone Soup version 0.27.0-1-g7a089689b8 (webtiles) character file.

Game seed: 4884780512288379123

72 ZenoRockbell the Covered (level 4, -5/35 HPs)
             Began as a Human Fighter on Aug 6, 2021.
             Slain by Cheivey's ghost (9 damage)
             ... on level 3 of the Dungeon.
             The game lasted 00:07:30 (915 turns).

ZenoRockbell the Covered (Human Fighter)             Turns: 915, Time: 00:07:31

Health: -5/35      AC:  8    Str: 17    XL:     4   Next: 48%
Magic:  4/4        EV:  7    Int:  8    God:
Gold:   97         SH: 10    Dex: 13    Spells: 3/3 levels left

rFire    . . .     SeeInvis .   i - +2 dagger (venom)
rCold    . . .     Faith    .   c - +1 kite shield
rNeg     . . .     Spirit   .   b - +1 scale mail
rPois    .         Reflect  .   (no helmet)
rElec    .         Harm     .   (no cloak)
rCorr    .         Rampage  .   (no gloves)
Will     .....                  (no boots)
Stlth    ..........             (no amulet)
HPRegen  0.11/turn              (no ring)
MPRegen  0.09/turn              (no ring)

@: no status effects
A: no striking features
a: no special abilities


You were on level 3 of the Dungeon.
You visited 1 branch of the dungeon, and saw 3 of its levels.

You collected 97 gold pieces.

Inventory:

Hand Weapons
 a - a +0 long sword
 i - a +2 dagger of venom (weapon)
Armour
 b - a +1 scale mail (worn)
 c - a +1 kite shield (worn)
Magical Staves
 f - a staff of cold
Scrolls
 e - a scroll of noise {unknown}
 j - a scroll of magic mapping
 k - a scroll of teleportation {unknown}
Potions
 d - a potion of might
 g - a potion of flight


   Skills:
 + Level 3.4 Fighting
 + Level 0.3(1.4) Short Blades
 + Level 2.3 Long Blades
 + Level 3.7 Armour
 + Level 0.5 Dodging
 + Level 3.6 Shields


You had 3 spell levels left.
You didn't know any spells.
Your spell library contained the following spells:

 Spells                   Type           Power      Damage    Failure   Level
 Shock                    Conj/Air       0%         1d3       99%         1
 Swiftness                Air            0%         N/A       100%        3
 Airstrike                Air            0%         N/A       100%        4


Dungeon Overview and Level Annotations

Branches:
Dungeon (3/15)

Altars:

Annotations:
D:3 1 transporter, Cheivey's ghost, weakling MiFi


Message History

You hit the bullfrog skeleton.
The bullfrog skeleton is moderately damaged.
You block the bullfrog skeleton's attack.
You hit Cheivey's ghost but do no damage.
The bullfrog skeleton closely misses you.
The shadow imp gestures at you. Pain shoots through your body!
You hit Cheivey's ghost but do no damage.
Cheivey's ghost says, "You will never get the ORB!"
Cheivey's ghost hits you but does no damage.
The bullfrog skeleton completely misses you.
The shadow imp hits you.
Cheivey's ghost hits you but does no damage.
You hit Cheivey's ghost.
Cheivey's ghost is lightly damaged.
The bullfrog skeleton hits you. The shadow imp hits you.
Cheivey's ghost hits you!
* * * LOW HITPOINT WARNING * * *
You block the bullfrog skeleton's attack.
You hit Cheivey's ghost.
Cheivey's ghost is lightly damaged.
You block the bullfrog skeleton's attack.
The shadow imp hits you but does no damage.
You block Cheivey's ghost's attack.
You barely miss Cheivey's ghost.
Cheivey's ghost is lightly damaged.
You block the bullfrog skeleton's attack.
You block the shadow imp's attack. Cheivey's ghost hits you.
* * * LOW HITPOINT WARNING * * *
The bullfrog skeleton barely misses you.
You hit Cheivey's ghost.
Cheivey's ghost is moderately damaged.
You block the shadow imp's attack. You block Cheivey's ghost's attack.
The bullfrog skeleton hits you but does no damage.
You hit Cheivey's ghost but do no damage.
Cheivey's ghost is moderately damaged.
You block the bullfrog skeleton's attack.
The shadow imp shouts, "Fly, thou wayward ruttish efter!"
The shadow imp barely misses you. Cheivey's ghost hits you!
You die...

#...## #.........
.#####...####†)#######
........©.....†.#
#.#############.#
#.#..........©#.#
#.#...........#.#
..#..##ZZ.##..#.#
#.#..#8ZW58#..#.#
#.#..##.@.##..#.#
..#.....©.....#.#
#.#..##...##..#.#
#########.#..#8!..8#..#.#
)......<..#..##...##..#.#
.##.#####.#...=.......#.#
.##.# #.#!...$($....#.#
.##.# #.#############.#
.##.# #.......©.......#


You could see Cheivey's ghost, a shadow imp and 3 bullfrog skeletons.

Vanquished Creatures
  A hound (D:3)
  A worm (D:2)
  An orc (D:3)
  5 bats
  3 endoplasms
  4 goblins (D:1)
  7 jackals (D:3)
  5 kobolds
  2 quokkas
  A ball python (D:1)
  A frilled lizard (D:2)
  2 rats (D:3)
33 creatures vanquished.

Notes
Turn   | Place    | Note
-------+----------+-------------------------------------------
     0 | D:1      | ZenoRockbell the Human Fighter began the quest for the Orb.
     0 | D:1      | Reached XP level 1. HP: 18/18 MP: 1/1
   185 | D:1      | Reached XP level 2. HP: 9/24 MP: 2/2
   588 | D:2      | Reached XP level 3. HP: 22/29 MP: 3/3
   815 | D:3      | Reached XP level 4. HP: 16/35 MP: 4/4
   855 | D:3      | Found a transporter.
   856 | D:3      | Noticed Cheivey's ghost (weakling MiFi)
   857 | D:3      | Found a transporter.
   915 | D:3      | Slain by Cheivey's ghost

Illustrated notes

Levels and vault maps discovered:
D:1:      dpeg_arrival_water_temple_mockup, layout_basic,
          chequers_hall_statues_y
D:2:      layout_basic, ebering_ecumenical_altar_petrified, serial_park_tiny_1,
          minmay_randomly_rotated_circles
D:3:      layout_loops_ring, ashenzari_altar_1, gammafunk_ghost_mausoleum,
          uniq_robin

Action                   |  1- 3 |  4- 6 || total
-------------------------+-------+-------++-------
Melee: Long sword        |    17 |       ||    17
       Dagger            |    74 |    26 ||   100
  Use: Scroll            |     7 |       ||     7
       Potion            |       |     1 ||     1
Armor: Scale mail        |    60 |    23 ||    83
Dodge: Dodged            |    43 |    19 ||    62
Block: Kite shield       |    68 |    26 ||    94
       Rpst.: Long sword |     1 |       ||     1
